 Dungeon Crawl Stone Soup version 0.14-a0-2679-gcb94c3d (webtiles) character file.

226 Psiweapon the Covered (level 5, -1/33 HPs)
             Began as a Gargoyle Fighter on Feb 17, 2014.
             Killed by nerve-wracking pain
             ... invoked by Grinder
              (7 damage)
             ... on Level 4 of the Dungeon.
             The game lasted 00:14:25 (2132 turns).

Psiweapon the Covered (Gargoyle Fighter)            Turns: 2132, Time: 00:14:26

HP  -1/33        AC 14     Str 19 (21) XL: 5   Next: 40%
MP   5/5         EV  5     Int  8      God:
Gold 67          SH 18     Dex  9      Spells:  0 memorised,  4 levels left

rFire  . . .     SeeInvis .     k - +2,+1 trident (slay drac)
rCold  . . .     Clarity  .     r - +0 dwarf chain mail
rNeg   + . .     Conserve .     c - +0 shield
rPois  +         rCorr    .     (no helmet)
rElec  +         rRot     +     (no cloak)
SustAb . .       Spirit   .     (no gloves)
rMut   .         Warding  .     (no boots)
Saprov . . .     Stasis   .     (no amulet)
MR     .....                    (no ring)
                                (no ring)

@: not resistant to hostile enchantments, extremely unstealthy
A: life protection 1, electricity resistance, unbreathing, petrification
resistance, AC +4
a: no special abilities


You were on level 4 of the Dungeon.
You were hungry.

You visited 1 branch of the dungeon, and saw 4 of its levels.

You collected 67 gold pieces.

Inventory:

Hand weapons
 a - a +0,+0 mace
 k - a +2,+1 trident of dragon slaying (weapon)
 q - a cursed -2,+0 falchion
Armour
 b - a +0 scale mail
 c - a +0 shield (worn)
 r - a +0 dwarven chain mail (worn)
Magical devices
 l - a wand of digging (5)
Comestibles
 d - 3 bread rations
 f - 2 chunks of hound flesh
 i - 2 apples
 m - a chunk of bat flesh
 A - a chunk of orc flesh
Scrolls
 e - a scroll of remove curse {unknown}
 g - 4 scrolls of identify {unknown}
 h - a scroll of enchant weapon II {unknown}
 j - a scroll of noise {unknown}
 p - a scroll of enchant armour {unknown}
 s - a scroll of blinking {unknown}
 t - a scroll of teleportation {unknown}
 v - a scroll of immolation {unknown}
Jewellery
 w - an uncursed ring of protection from fire {unknown}
Potions
 u - a potion of agility


   Skills:
 + Level 4.2 Fighting
 - Level 3.0 Maces & Flails
 + Level 1.2 Polearms
 + Level 4.5 Armour
 + Level 4.0 Shields


You had 4 spell levels left.
You didn't know any spells.

Dungeon Overview and Level Annotations

Branches:
Dungeon (4/16)
 Temple: D:4-7

Altars:

Annotations:
D:3 bronies4ever's ghost, average DrTm
D:4 Grinder


Innate Abilities, Weirdness & Mutations

You are resistant to torment.
You are immune to poison.
Your stone body is very resilient (AC +4).
You resist negative energy.
You are resistant to electric shocks.
You can survive without breathing.
You are immune to petrification.


Message History

Okay, then.
You closely miss Grinder.
Grinder is heavily wounded.
Grinder hits you but does no damage.
Your shield and chain mail prevent you from hitting Grinder.
Grinder is heavily wounded.
You block Grinder's attack.
You hit Grinder.
Grinder is heavily wounded.
Grinder hits you.
* * * LOW HITPOINT WARNING * * *
Grinder hits you but does no damage.
You closely miss Grinder.
Grinder is heavily wounded.
You block Grinder's attack.
You hit Grinder.
Grinder is heavily wounded.
Grinder gestures at you. Pain shoots through your body!
You die...

#..................
#...................
#....................
#....................
#....................
#.....................
#.....................
#..#......##.5..##...#
#############@### #.#
#.# #.# #.# #.# #.#
###


You could see Grinder.

Vanquished Creatures
  A hound (D:4)
  An orc wizard (D:4)
  Terence (D:2)
  An adder (D:2)
  A giant mite (D:1)
  2 worms
  2 giant geckos (D:1)
  3 orcs
  4 goblins
  15 hobgoblins
  4 jackals
  2 kobolds (D:1)
  A quokka (D:3)
  2 ball pythons
  8 bats
  3 giant newts
  2 rats
53 creatures vanquished.

Notes
Turn   | Place    | Note
--------------------------------------------------------------
     0 | D:1      | Psiweapon, the Gargoyle Fighter, began the quest for the Orb.
     0 | D:1      | Reached XP level 1. HP: 14/14 MP: 1/1
    70 | D:1      | Reached XP level 2. HP: 13/19 MP: 2/2
   300 | D:1      | Reached XP level 3. HP: 21/23 MP: 3/3
   691 | D:1      | Upgraded the game from 0.14-a0-2644-gcc8e764 to 0.14-a0-2679-gcb94c3d
   979 | D:2      | Reached skill level 4 in Armour
  1032 | D:2      | Noticed Terence
  1056 | D:2      | Killed Terence
  1056 | D:2      | Reached XP level 4. HP: 19/29 MP: 4/4
  1540 | D:3      | Noticed bronies4ever's ghost (average DrTm)
  1933 | D:4      | Reached skill level 1 in Polearms
  1933 | D:4      | Reached XP level 5. HP: 20/33 MP: 5/5
  2094 | D:4      | Noticed Grinder
  2132 | D:4      | Killed from afar by Grinder

Action                   |  1- 3 |  4- 6 || total
-------------------------+-------+-------++-------
Melee: Mace              |   115 |       ||   115
       Trident           |    44 |   148 ||   192
Evoke: Wand              |     1 |     1 ||     2
  Use: Potion            |       |     6 ||     6
